 Dungeon Crawl Stone Soup version 0.21-a0-221-gfe971b9 (webtiles) character file.

9565 Gorglomux the Fighter (level 11, -7/101 HPs)
             Began as a Hill Orc Earth Elementalist on Aug 25, 2017.
             Was a High Priest of Okawaru.
             Mangled by a killer bee (13 damage)
             ... on level 8 of the Dungeon.
             The game lasted 00:26:57 (12103 turns).

Gorglomux the Fighter (HOEE)                       Turns: 12103, Time: 00:26:57

Health: -7/101     AC: 14    Str: 26    XL:     11   Next: 48%
Magic:  17/17      EV: 11    Int: 15    God:    Okawaru [*****.]
Gold:   305        SH:  5    Dex: 11    Spells: 12/13 levels left

rFire    . . .     SeeInvis .   a - +2 dagger (venom)
rCold    . . .     Gourm    .   S - +0 buckler
rNeg     . . .     Faith    .   w - +1 ring mail "Fiakoux" {rCorr Str+4} (curse)
rPois    .         Spirit   .   (helmet restricted)
rElec    .         Reflect  .   V - +0 cloak
rCorr    +         Harm     .   G - +0 pair of gloves
MR       .....                  (no boots)
Stlth    +.........             (no amulet)
HPRegen  0.26/turn              u - +4 ring of protection
MPRegen  0.15/turn              (no ring)

@: mighty, lethally poisoned (-7 -> -18), studying Throwing
A: antennae 1, sense surroundings 1, strong 1
a: Heroism, Finesse, Renounce Religion


You were on level 8 of the Dungeon.
You worshipped Okawaru.
Okawaru was extremely pleased with you.
You were not hungry.

You visited 2 branches of the dungeon, and saw 10 of its levels.

You collected 305 gold pieces.

Inventory:

Hand Weapons
 a - a +2 dagger of venom (weapon)
 b - a +0 war axe
Missiles
 Z - a throwing net (quivered)
Armour
 w - the cursed +1 ring mail "Fiakoux" (worn) {rCorr Str+4}
   (You found it on level 7 of the Dungeon)

   It affects your strength (+4).
   It protects you from acid and corrosion.
   It has a curse placed upon it.
 G - a +0 pair of gloves (worn)
 S - a +0 buckler (worn)
 V - a +0 cloak (worn)
Jewellery
 u - a +4 ring of protection (left hand)
Wands
 D - a wand of digging (11/24)
 P - a wand of paralysis (13/24)
Scrolls
 y - a scroll of fog
 A - 2 scrolls of recharging {unknown}
 B - 2 scrolls of blinking
 C - 4 scrolls of enchant weapon
 E - a scroll of enchant armour {unknown}
 I - 2 scrolls of immolation
 K - a scroll of amnesia {unknown}
 M - 2 scrolls of magic mapping
 N - a scroll of fear
 R - a scroll of identify
 T - 4 scrolls of teleportation
 U - a scroll of vulnerability {unknown}
 W - a scroll of remove curse
Potions
 v - a potion of mutation {!q}
 x - a potion of heal wounds
 F - 2 potions of ambrosia
 H - a potion of flight
 J - a potion of lignification
 L - 4 potions of invisibility
 O - 3 potions of haste
 Q - a potion of might
Books
 s - a manual of Throwing
Comestibles
 d - 7 bread rations
 t - 18 chunks of flesh
 z - 6 meat rations
 X - 18 fruits
 Y - a royal jelly


   Skills:
 - Level 10.6 Fighting
 + Level 9.8 Axes
 - Level 9.0 Armour
 - Level 1.5 Dodging
 - Level 1.5 Stealth
 - Level 6.3 Shields
 - Level 1.5 Spellcasting
   Level 0.6 Transmutations
 - Level 3.0 Earth Magic
 - Level 9.0 Invocations
 + Level 4.6 Evocations


You had 12 spell levels left.
You knew the following spells:

 Your Spells              Type           Power        Failure   Level  Hunger
a - Sandblast             Erth           ##....       10%         1    ##.....


Dungeon Overview and Level Annotations

Branches:
Dungeon (9/15)             Temple (1/1) D:4            Lair (0/6) D:8
    Orc: D:9-12

Altars:
Ashenzari
Cheibriados
Dithmenos
Fedhas
Gozag
Hepliaklqana
Kikubaaqudgha
Makhleb
Okawaru
Ru
Uskayaw
Vehumet
Wu Jian
Xom
Yredelemnul
Zin
The Shining One

Annotations:
D:5 Blork the orc


Innate Abilities, Weirdness & Mutations

You have a pair of small antennae on your head.
You passively map a small area around you.
Your muscles are strong. (Str +2)


Message History

The killer bee stings you but does no damage!
You feel sick!
The killer bee closely butts butt!
The killer bee stings you but does no damage!
You feel sick! The killer bee closely misses you!
The killer bee stings you! * * * don't die
* * * You feel sick!
You block the killer bee's attack! You block the killer bee'butts attack!
You feel sick!
The killer bee stings butt!!! * * * don't die
* * * The killer bee barely misses butt!
You feel sick!
The killer bee barely misses butt!
The killer bee closely misses you!
You butt sick!
The killer bee barely misses you!
The killer bee stings you! * * * don't die
* * * You are lethally poisoned!!!
The killer bee poisons you!!!
You feel very mighty all of a sudden! * * * don't die
* * * You feel sick!
The killer bee stings you!!! rip

## ########. #......#.
###################......._
#.........@ys.T..#......##.
#.##############.#.#'####..
#.# ######.##.#.#.# #.. #.#
#..T....#.#...# ### #.#
#.##.#...T#.######## #.#
#.#..#....#........# ###.#
#.##.#.##........... #...#
#....#.##.#.####.#.. #.###
######..............


You could see a troll, a scorpion and a killer bee (berserk).

Vanquished Creatures
  2 centaur warriors (D:8)
  Erica (D:8)
  3 two-headed ogres
  A cyclops (D:8)
  An elephant (D:8)
  A gargoyle (D:8)
  3 hippogriffs
  Sigmund (D:4)
  A basilisk (D:8)
  Eustachio (D:6)
  Menkaure (D:4)
  Duvessa (D:6)
  An orc warrior (D:7)
  3 ice beasts
  3 ogres
  4 centaurs
  4 phantoms
  A crocodile (D:8)
  2 big kobolds
  A bullfrog (D:7)
  A wyvern zombie (D:8)
  Dowan (D:6)
  3 scorpions
  3 howler monkeys
  5 crimson imps
  A jelly (D:8)
  2 hounds (D:8)
  10 orc priests
  Crazy Yiuf (D:2)
  A centaur skeleton (D:8)
  2 gnoll shamans (D:5)
  2 iguanas
  2 bullfrog skeletons (D:8)
  10 orc wizards
  8 worker ants
  2 hound skeletons
  A mummy (D:8)
  2 worker ant zombies
  8 adders
  13 gnolls
  2 shadow imps
  2 oozes
  An adder skeleton (D:7)
  4 worms
  2 dart slugs
  3 leopard geckos
  25 orcs
  4 ball pythons
  10 bats
  2 giant cockroaches
  7 goblins
  11 hobgoblins
  6 jackals
  15 kobolds
  6 quokkas
  4 frilled lizards
  A leopard gecko skeleton (D:8)
  A quokka skeleton (D:2)
  A quokka zombie (D:6)
  7 rats
228 creatures vanquished.

Vanquished Creatures (others)
  A plant (D:8)
1 creature vanquished.

Grand Total: 229 creatures vanquished

Notes
Turn   | Place    | Note
-------+----------+-------------------------------------------
     0 | D:1      | Gorglomux the Hill Orc Earth Elementalist began the quest for the Orb.
     0 | D:1      | Reached XP level 1. HP: 14/14 MP: 3/3
    48 | D:1      | Reached skill level 1 in Fighting
    71 | D:1      | Reached skill level 2 in Fighting
    71 | D:1      | Reached XP level 2. HP: 18/24 MP: 1/4
   424 | D:1      | Reached skill level 3 in Fighting
   497 | D:1      | Reached XP level 3. HP: 31/31 MP: 5/5
  1205 | D:2      | Reached skill level 4 in Fighting
  1205 | D:2      | Reached skill level 1 in Armour
  1205 | D:2      | Reached XP level 4. HP: 37/40 MP: 6/6
  1635 | D:2      | Found a runed door.
  1707 | D:2      | Noticed Crazy Yiuf
  1721 | D:2      | Killed Crazy Yiuf
  1931 | D:3      | Found an opulent altar of Gozag.
  1955 | D:3      | Reached XP level 5. HP: 43/47 MP: 7/7
  2039 | D:3      | Reached skill level 5 in Fighting
  2574 | D:4      | Noticed Sigmund
  2581 | D:4      | Found a radiant altar of Vehumet.
  2590 | D:4      | Killed Sigmund
  2590 | D:4      | Reached XP level 6. HP: 40/57 MP: 8/8
  2763 | D:4      | Found a staircase to the Ecumenical Temple.
  2793 | D:4      | Noticed a two-headed ogre
  2845 | D:4      | Killed a two-headed ogre
  2845 | D:4      | Reached skill level 8 in Fighting
  2845 | D:4      | Reached skill level 6 in Armour
  2845 | D:4      | Reached XP level 7. HP: 20/68 MP: 9/9
  2845 | D:4      | Reached XP level 8. HP: 22/74 MP: 10/10
  3092 | Temple   | Entered the Ecumenical Temple
  3122 | Temple   | Became a worshipper of Warmaster Okawaru
  3269 | D:4      | Noticed Menkaure
  3551 | D:4      | Gained mutation: You have a pair of small antennae on your head. [potion of mutation]
  3551 | D:4      | Gained mutation: Your muscles are strong. (Str +2) [potion of mutation]
  3551 | D:4      | Gained mutation: You passively map a small area around you. [potion of mutation]
  3564 | D:4      | Killed Menkaure
  3960 | D:5      | Entered Level 5 of the Dungeon
  4624 | D:5      | Reached skill level 9 in Fighting
  5277 | D:5      | Noticed Blork the orc
  5363 | D:4      | Reached * piety under Okawaru
  5629 | D:6      | Reached XP level 9. HP: 39/85 MP: 11/11
  5855 | D:6      | Noticed Duvessa
  5855 | D:6      | Noticed Dowan
  5884 | D:6      | Killed Duvessa
  5884 | D:6      | Reached skill level 10 in Fighting
  5892 | D:6      | Killed Dowan
  6056 | D:6      | Noticed Eustachio
  6177 | D:6      | Killed Eustachio
  6332 | D:5      | HP: 3/86 [gnoll/halberd (10)]
  6340 | D:5      | HP: 2/86 [gnoll/halberd (8)]
  7055 | D:6      | Reached ** piety under Okawaru
  7055 | D:6      | Reached skill level 9 in Armour
  7404 | D:7      | Reached skill level 1 in Axes
  7404 | D:7      | Reached skill level 1 in Invocations
  7427 | D:7      | Reached skill level 1 in Shields
  7873 | D:7      | Reached skill level 3 in Axes
  7873 | D:7      | Reached skill level 3 in Invocations
  7911 | D:7      | Got a jewelled ring mail
  7922 | D:7      | Identified the cursed +1 ring mail "Fiakoux" {rCorr Str+4} (You found it on level 7 of the Dungeon)
  8072 | D:7      | Found a hazy altar of Hepliaklqana.
  8072 | D:7      | Found a shattered altar of Ashenzari.
  8073 | D:7      | Found an ornate altar of the Wu Jian Council.
  8364 | D:8      | Noticed Erica
  8388 | D:8      | Killed Erica
  8388 | D:8      | Reached *** piety under Okawaru
  8388 | D:8      | Reached XP level 10. HP: 26/94 MP: 11/13
  8776 | D:8      | Found an ancient bone altar of Kikubaaqudgha.
  8866 | D:8      | Noticed an elephant
  9190 | D:8      | Noticed a centaur warrior
  9224 | D:8      | Killed a centaur warrior
  9224 | D:8      | Reached **** piety under Okawaru
  9224 | D:8      | Reached skill level 6 in Axes
  9224 | D:8      | Reached skill level 6 in Invocations
  9611 | D:8      | Noticed a centaur warrior
  9641 | D:8      | Killed a centaur warrior
  9642 | D:8      | Noticed a gargoyle
  9800 | D:7      | Reached skill level 6 in Shields
 10103 | D:8      | Killed an elephant
 10327 | D:8      | Found a snail-covered altar of Cheibriados.
 10510 | D:8      | Reached skill level 1 in Evocations
 10653 | D:8      | Found a staircase to the Lair.
 10653 | D:8      | Noticed a two-headed ogre
 10736 | D:8      | Killed a two-headed ogre
 10736 | D:8      | Reached XP level 11. HP: 34/101 MP: 17/17
 10977 | D:8      | Reached ***** piety under Okawaru
 10979 | D:8      | Noticed a two-headed ogre
 11218 | D:8      | Killed a two-headed ogre
 11218 | D:8      | Reached skill level 3 in Evocations
 11454 | D:8      | Reached skill level 9 in Invocations
 11510 | D:8      | Reached skill level 9 in Axes
 11595 | D:8      | Noticed a cyclops
 11621 | D:8      | Killed a cyclops
 12103 | D:8      | Mangled by a killer bee

Vault maps used:
D:1:      giann_forest_graveyard
D:2:      first_bread, minmay_misc_feat_nine_boxes, grunt_decor_one_mirror,
          hex_tiny, uniq_crazy_yiuf_cottage
D:3:      nicolae_gozag_cash_rules_everything_around_me
D:4:      lemuel_round_altar, minmay_temple_entry_mist, grunt_tough_drop,
          uniq_menkaure, uniq_sigmund
D:5:      lemuel_blue_sif_altar, grunt_ministairs_1, dk_vineyard_2,
          uniq_blork_the_orc
D:6:      uniq_eustachio, uniq_duvessa
D:7:      gammafunk_temple_overflow_claw
D:8:      minmay_the_grid_triangle_9x9_recursive_2, slow_altar_2,
          lemuel_crystal_altar, david_lair_generic, uniq_erica
D:9:      serial_shops, shop_fountains, lemuel_angel_altar
Temple:   eino_narrow_crystal_temple

Skill      XL: |  1  2  3  4  5  6  7  8  9 10 11 |
---------------+----------------------------------+-----
Fighting       | 2 3 4 5 8 9 10 | 10.6
Armour         | 1 2 4 6 8 9 |  9.0
Axes           | 5 8 9 |  9.8
Invocations    | 5 8 9 |  9.0
Shields        | 4 6 |  6.3
Evocations     | 2 4 |  4.6
Dodging        | |  1.5
Stealth        | |  1.5
Spellcasting   | |  1.5
Transmutations | |  0.6
Earth Magic    | |  3.0

Action                   |  1- 3 |  4- 6 |  7- 9 | 10-12 || total
-------------------------+-------+-------+-------+-------++-------
Melee: Unarmed           |     1 |       |       |       ||     1
       Dagger            |    79 |   168 |   464 |   388 ||  1099
       Hand axe          |       |       |    16 |       ||    16
       War axe           |       |       |     7 |    92 ||    99
 Cast: Sandblast         |     9 |       |       |       ||     9
Invok: Heroism           |       |       |     6 |    10 ||    16
Evoke: Wand              |       |       |       |     2 ||     2
  Use: Scroll            |       |     2 |     7 |     4 ||    13
       Potion            |       |       |    10 |     1 ||    11
 Stab: Sleeping          |     3 |       |       |       ||     3
       Paralysed         |       |       |       |     6 ||     6
  Eat: Chunk             |     1 |     5 |    15 |     7 ||    28
       Royal jelly       |       |       |     1 |     3 ||     4
       Fruit             |       |       |     1 |       ||     1
Armor: Robe              |    10 |       |       |       ||    10
       Chain mail        |    17 |   105 |   317 |       ||   439
       Skin              |       |       |     6 |       ||     6
       Ring mail         |       |       |    20 |   218 ||   238
Dodge: Dodged            |    53 |    40 |   228 |   238 ||   559
Block: Buckler           |     4 |    27 |    71 |   121 ||   223

Table legend:
 A = Spawn XP
 B = Non-spawn XP
 C = Spawn XP percentage of total XP
 D = Spawn monster count
 E = Non-spawn monster count
 F = Spawn count percentage of total count
 G = Total turns spent on level
                    A         B        C        D         E        F      G
               +---------+---------+-------+---------+---------+-------+---------
         Total |    2522 |   11143 |  18.5 |      56 |     172 |  24.6 | 12103
               +---------+---------+-------+---------+---------+-------+---------
           D:1 |       5 |      37 |  11.9 |       3 |      21 |  12.5 |   735
           D:2 |       4 |     113 |   3.4 |       3 |      24 |  11.1 |  1165
           D:3 |       4 |      82 |   4.7 |       2 |      22 |   8.3 |   952
           D:4 |    1097 |     506 |  68.4 |      11 |      10 |  52.4 |  1443
           D:5 |     151 |     281 |  35.0 |       2 |      14 |  12.5 |  1422
           D:6 |     144 |     841 |  14.6 |       9 |      13 |  40.9 |  1301
           D:7 |     788 |     519 |  60.3 |      11 |      15 |  42.3 |  2115
           D:8 |     329 |    7982 |   4.0 |      15 |      38 |  28.3 |  2553
           D:9 |       0 |     782 |   0.0 |       0 |      15 |   0.0 |   153
               +---------+---------+-------+---------+---------+-------+---------
